 Dungeon Crawl Stone Soup version 0.29-a0-553-g81b289dbe5 (webtiles) character file.

Game seed: 6275983338105362637

278 zishaf the Skirmisher (level 6, -2/68 HPs)
             Began as an Ogre Chaos Knight on June 6, 2022.
             Was a Plaything of Xom.
             Slain by an orc wizard
             ... wielding a +2 dagger of venom
              (5 damage)
             ... on level 3 of the Dungeon.
             The game lasted 00:07:36 (2857 turns).

zishaf the Skirmisher (Ogre Chaos Knight)           Turns: 2857, Time: 00:07:37

Health: -2/68      AC:  6    Str: 19    XL:     6   Next: 26%
Magic:  6/7        EV: 10    Int: 13    God:    Xom [.*....]
Gold:   45         SH:  0    Dex: 10    Spells: 4/7 levels left

rFire   . . .      SeeInvis .   a - +0 mace (chaos)
rCold   . . .      Faith    .   (no shield)
rNeg    . . .      Spirit   .   o - +2 robe
rPois   .          Reflect  .   (helmet restricted)
rElec   .          Harm     .   t - +0 cloak
rCorr   .          Rampage  .   (gloves unavailable)
Will    .....                   (boots unavailable)
Stlth   +.........              i - amulet of the acrobat
HPRegen 0.21/turn               e - ring of wizardry
MPRegen 0.10/turn               k - ring of flight

@: lethally poisoned (-2 -> -29), flying
A: large, unfitting armour, tough skin 1, agile 1
a: Renounce Religion


You were on level 3 of the Dungeon.
You worshipped Xom.
You were a plaything of Xom.
You visited 1 branch of the dungeon, and saw 3 of its levels.

You collected 120 gold pieces.
You spent 75 gold pieces at shops.

Inventory:

Hand Weapons
 a - a +0 mace of chaos (weapon)
 b - a +0 hunting sling
Missiles
 n - 6 boomerangs of dispersal
Armour
 o - a +2 robe (worn)
 t - a +0 cloak (worn)
Jewellery
 e - a ring of wizardry (left hand)
 i - an amulet of the acrobat (around neck)
 k - a ring of flight (right hand)
Wands
 r - a wand of digging (7)
 v - a wand of flame (46)
Scrolls
 f - a scroll of vulnerability {unknown}
 g - a scroll of poison {unknown}
 j - a scroll of silence {unknown}
 p - a scroll of magic mapping {unknown}
 q - 2 scrolls of blinking
 u - a scroll of teleportation {unknown}
Potions
 d - a potion of curing {unknown}
 h - 3 potions of cancellation {unknown}
 l - a potion of attraction {unknown}
 m - 3 potions of heal wounds {unknown}
 s - a potion of flight {unknown}
 w - a potion of ambrosia {unknown}
 x - a potion of magic {unknown}
Miscellaneous
 c - a piece from Xom's chessboard (15/15) (quivered)


   Skills:
 + Level 6.3 Fighting
 + Level 4.3 Maces & Flails
 - Level 2.1 Dodging
 - Level 1.0 Spellcasting
 + Level 2.2 Ice Magic


You had 4 spell levels left.
You knew the following spells:

 Your Spells              Type           Power      Damage    Failure   Level
A - Frozen Ramparts       Ice            12%        1d3       13%         3

Your spell library contained the following spells:

 Spells                   Type           Power      Damage    Failure   Level
 Gell's Gravitas          Tloc           0%         N/A       32%         3
 Lesser Beckoning         Tloc           0%         N/A       32%         3
 Teleport Other           Tloc           0%         N/A       32%         3
 Ice Form                 Ice/Tmut       3%         N/A       54%         4
 Summon Ice Beast         Ice/Summ       3%         N/A       54%         4
 Fireball                 Conj/Fire      0%         3d3       95%         5
 Iskenderun's Battlesphe  Conj           0%         2d6       95%         5
 Conjure Ball Lightning   Conj/Air       0%         3x3d6     100%        6
 Orb of Destruction       Conj           0%         9d5       100%        7


Dungeon Overview and Level Annotations

Branches:
Dungeon (3/15)

Altars:

Shops:
D:3 ?

Annotations:
D:3 2 transporters, Terence; samgaumpmail's ghost, amateur DgTm


Innate Abilities, Weirdness & Mutations

You are too large for most types of armour.
You have tough skin. (AC +1)
You are agile. (Dex +2)


Message History

You feel very sick. The orc wizard misses you.
You closely miss the orc wizard.
The orc wizard is almost dead.
You feel very sick. The orc wizard closely misses you.
You hit the orc wizard.
The orc wizard is almost dead.
You feel sick.
The orc wizard points at you and mumbles some strange words.
The puff of flame hits you.
You closely miss the orc wizard.
The orc wizard is almost dead.
You feel sick.
The orc wizard hits you but does no damage.
The orc wizard mumbles some strange words.
The orc wizard flickers and vanishes!
Deactivating autopickup; reactivate with Ctrl-A.
You closely miss something.
You feel sick. Something hits you.
You are more poisoned.
You closely miss something.
You feel sick. Something hits you but does no damage.
You are more poisoned.
You barely miss something.
* * * LOW HITPOINT WARNING * * *
You feel very sick. Something hits you but does no damage.
You are lethally poisoned!
You closely miss something.
* * * LOW HITPOINT WARNING * * *
You feel very sick. Something hits you but does no damage.
You barely miss something.
* * * LOW HITPOINT WARNING * * *
You feel very sick. Something hits you.
* * * LOW HITPOINT WARNING * * *
You are more poisoned.
Something hits you.
You die...

#########.# #.........#
#.#######.# #.#######.##
# #)##.......# # #.
#.##..###..# ## # #.#
#.##..##...# ##.
#...#.{##..........###..
......)@.............+..
#...##.#####.##....###..
# #. #.##..#.# ##. #.
#.......# ## #.
####.#### # .. #.# ##
#.######## #.........
####.##...


There were no monsters in sight!

Vanquished Creatures
  An orc priest (D:3)
  Natasha (thrice) (D:3)
  Robin (D:3)
  2 adders
  4 worms (D:3)
  A dart slug (D:1)
  9 orcs
  3 endoplasms
  3 giant cockroaches
  10 goblins
  13 hobgoblins
  3 jackals (D:1)
  2 kobolds
  A quokka (D:2)
  4 ball pythons
  7 bats
  A frilled lizard (D:1)
  6 rats
74 creatures vanquished.

Vanquished Creatures (collateral kills)
  An orc priest (D:2)
  An adder (D:2)
  A worm (D:2)
  An orc (D:2)
  An endoplasm (D:1)
  A goblin (D:1)
  A kobold (D:2)
  A ball python (D:2)
8 creatures vanquished.

Vanquished Creatures (others)
  A jackal zombie (D:1)
1 creature vanquished.

Grand Total: 83 creatures vanquished

Notes
Turn   | Place    | Note
-------+----------+-------------------------------------------
     0 | D:1      | zishaf the Ogre Chaos Knight began the quest for the Orb.
     0 | D:1      | Reached XP level 1. HP: 24/24 MP: 1/1
    32 | D:1      | XOM: divination: detect creatures
    47 | D:1      | XOM: silly message
   321 | D:1      | Reached XP level 2. HP: 33/33 MP: 2/2
   407 | D:1      | XOM: silly message
   439 | D:1      | XOM: divination: detect items
   592 | D:1      | Reached XP level 3. HP: 39/41 MP: 3/3
  1116 | D:2      | Reached skill level 5 in Fighting
  1174 | D:2      | XOM: enchant monster (good)
  1191 | D:2      | Learned a level 3 spell: Frozen Ramparts
  1192 | D:2      | XOM: god gift: wand of digging (7)
  1227 | D:2      | XOM: give mutation
  1227 | D:2      | Gained mutation: You are agile. (Dex +2) [Xom's grace]
  1256 | D:2      | Reached skill level 1 in Spellcasting
  1256 | D:2      | Reached XP level 4. HP: 50/50 MP: 5/5
  1419 | D:2      | Reached skill level 1 in Ice Magic
  1598 | D:2      | Found a faded altar of an unknown god.
  1710 | D:2      | XOM: scenery: summon butterflies
  1930 | D:3      | Noticed Natasha
  1936 | D:3      | Killed Natasha
  1937 | D:3      | Reached XP level 5. HP: 56/59 MP: 2/6
  2004 | D:3      | Found Piv Yni's Magic Scroll Emporium.
  2009 | D:3      | Bought a scroll of blinking for 75 gold pieces
  2055 | D:3      | Found a transporter.
  2065 | D:3      | Found a transporter.
  2069 | D:3      | Noticed samgaumpmail's ghost (amateur DgTm)
  2133 | D:3      | Noticed Natasha
  2227 | D:3      | XOM: confusion (+ monsters)
  2320 | D:3      | XOM: polymorph crimson imp -> iron imp
  2323 | D:3      | Killed Natasha
  2422 | D:3      | Noticed Terence
  2422 | D:3      | Noticed Natasha
  2422 | D:3      | XOM: 2-stop teleportation journey
  2431 | D:3      | Killed Natasha
  2432 | D:3      | Reached skill level 6 in Fighting
  2553 | D:3      | Noticed Robin
  2571 | D:3      | Reached XP level 6. HP: 52/67 MP: 1/7
  2574 | D:3      | Killed Robin
  2836 | D:3      | XOM: fake destruction
  2837 | D:3      | XOM: god gift: 41 gold pieces
  2857 | D:3      | HP: 3/68 [something (1)]
  2857 | D:3      | Slain by an orc wizard

Illustrated notes

Levels and vault maps discovered:
D:1:      evilmike_arrival_home_sweet_home, layout_loops_ring
D:2:      layout_loops_ring, shapermc_ecumenical_altar_notcrosses,
          kennysheep_doodads
D:3:      layout_loops_corners, serial_shops, nicolae_shop_hallway_stairs,
          gammafunk_ghost_stat_death, minmay_misc_feat_room, nicolae_wormholes,
          uniq_sigmund, uniq_terence, uniq_robin, uniq_natasha

Skill      XL: |  1  2  3  4  5 |
---------------+----------------+-----
Maces & Flails | 3 4 |  4.3
Fighting       | 5 6 |  6.3
Spellcasting   | 1 |  1.0
Ice Magic      | 1 2 |  2.2
Dodging        | |  2.1

Action                   |  1- 3 |  4- 6 || total
-------------------------+-------+-------++-------
Melee: Mace              |    96 |    88 ||   184
 Fire: Hunting sling     |     8 |     3 ||    11
 Cast: Frozen Ramparts   |       |     7 ||     7
 Stab: Petrified         |     5 |       ||     5
       Sleeping          |       |     3 ||     3
Armor: Robe              |    52 |    28 ||    80
Dodge: Dodged            |    67 |    39 ||   106

Table legend: (Time is in decaauts)
 A = Elapsed time spent in this place.
 B = Non-inter-level travel time spent in this place.
 C = Inter-level travel time spent in this place.
 D = Time resting spent in this place.
 E = Time spent auto-exploring this place.
 F = Levels seen in this place.
 G = Mean time per level.
                   A        B        C        D        E       F      G
               +--------+--------+--------+--------+--------+-----+--------+
         Total |   2918 |   2797 |    121 |    279 |   1915 |   3 |  972.7 |
       Dungeon |   2918 |   2797 |    121 |    279 |   1915 |   3 |  972.7 |
               +--------+--------+--------+--------+--------+-----+--------+

Top non-repeatable levels by time:
     D:1: 1098 daAuts
     D:3: 963 daAuts
     D:2: 856 daAuts
